 Seeded DCSS version 0.30-a0-1066-g63dfefce0d (webtiles) character file.

Game seed: 5145654703055823224 (custom seed)

891 GigaChad the Chopper (level 8, -7/62 HPs)
             Began as a Formicid Fighter on Apr 12, 2023.
             Was a Believer of Okawaru.
             Mangled by a boulder beetle (14 damage)
             ... on level 6 of the Dungeon.
             The game lasted 00:04:09 (3516 turns).

GigaChad the Chopper (Formicid Fighter)             Turns: 3516, Time: 00:04:10

Health: -7/62      AC: 12    Str: 23    XL:     8   Next: 27%
Magic:  8/8        EV:  7    Int:  8    God:    Okawaru [**....]
Gold:   336        SH:  5    Dex: 13    Spells: 7/7 levels left

rFire   . . .      SeeInvis +    a - +0 war axe
rCold   . . .      Faith    .    c - +0 buckler
rNeg    . . .      Spirit   .    r - +0 plate armour
rPois   .          Reflect  .    (helmet unavailable)
rElec   .          Rampage  .    i - scarf "Ysaidoit" {+Inv, Slay+2 Stlth+}
rCorr   .                        (no gloves)
Will    .....                    (no boots) Stlth
                                 (no amulet)
HPRegen 0.30/turn                (no ring)
MPRegen 0.11/turn                (no ring)

@: no status effects
A: permanent stasis, dig shafts and tunnels, antennae 3, four strong arms
a: Dig, Shaft Self, Renounce Religion, Evoke Invisibility, Heroism


You were on level 6 of the Dungeon.
You worshipped Okawaru.
Okawaru was pleased with you.
You visited 1 branch of the dungeon, and saw 6 of its levels.

You collected 336 gold pieces.

Inventory:

Hand Weapons
 a - a +0 war axe (weapon)
 m - the +1 dagger "Lups" {chaos, Fly Will+ Dex+3}
   (You found it on level 3 of the Dungeon)

   Dex:       It affects your dexterity (+3).
   Fly:       It grants you flight.
   Will:      It increases your willpower.
Armour
 b - a +0 scale mail
 c - a +0 buckler (worn)
 i - the scarf "Ysaidoit" (worn) {+Inv, Slay+2 Stlth+}
   (You acquired it on level 1 of the Dungeon)

   Slay:      It affects your accuracy & damage with ranged weapons and melee
   (+2).
   Stlth:     It makes you more stealthy.
 n - a +0 chain mail
 r - a +0 plate armour (worn)
Scrolls
 e - 5 scrolls of immolation {unknown}
 g - 3 scrolls of teleportation
 h - 5 scrolls of identify
 o - 2 scrolls of enchant weapon {unknown}
 s - a scroll of enchant armour {unknown}
Potions
 d - 3 potions of might
 f - a potion of curing {unknown}
 j - 2 potions of attraction
 k - a potion of lignification {unknown}
 l - a potion of invisibility {unknown}
 p - a potion of resistance {unknown}
 q - a potion of ambrosia {unknown}
 t - a potion of heal wounds {unknown}


   Skills:
 + Level 5.2 Fighting
 + Level 6.1 Axes
 + Level 5.4 Armour
 + Level 1.6 Dodging
 + Level 0.4 Stealth
 + Level 5.6 Shields


You had 7 spell levels left.
You didn't know any spells.
Your spell library contained the following spells:

 Spells                   Type           Power      Damage    Failure   Level
 Fireball                 Conj/Fire      0%         3d3       100%        5
 Iskenderun's Battlesphe  Conj           0%         2d6       100%        5
 Conjure Ball Lightning   Conj/Air       0%         3x3d6     100%        6
 Orb of Destruction       Conj           0%         9d5       100%        7


Dungeon Overview and Level Annotations

Branches:
Dungeon (6/15)             Temple (0/1) D:4

Altars:
Okawaru
Zin

Annotations:
D:4 3 runed translucent doors, GigaChad's ghost, amateur FoFi
D:6 3 runed translucent doors


Innate Abilities, Weirdness & Mutations

You cannot be hasted, slowed, berserked, paralysed or teleported.
You can dig through walls and to a lower floor.
You have a pair of large antennae on your head. (SInv)
Your four strong arms can wield two-handed weapons with a shield.


Message History

Found a trident and a spear.
j - 2 potions of attraction (gained 1)
An iguana comes into view.
The iguana hisses angrily.
A boulder beetle comes into view.
The boulder beetle leaps!
The iguana bites you.
An iguana is nearby!
You hit the iguana.
The iguana is lightly wounded.
The iguana completely misses you.
There are monsters nearby!
You hit the iguana.
The iguana is moderately wounded.
You block the iguana's attack.
There are monsters nearby!
You barely miss the iguana.
The iguana is moderately wounded.
The iguana barely misses you.
You barely miss the iguana.
The iguana is moderately wounded.
You hit the boulder beetle but do no damage.
The iguana completely misses you.
The boulder beetle waves its antennae.
The boulder beetle bites you. The boulder beetle bites you!
The iguana bites you.
You slash the iguana!
You kill the iguana!
Okawaru accepts your kill.
You hit the boulder beetle but do no damage.
The boulder beetle bites you!
You are too injured to fight recklessly!
You hit the boulder beetle but do no damage.
The boulder beetle bites you!
You hit the boulder beetle but do no damage.
The boulder beetle bites you!
* * * LOW HITPOINT WARNING * * *
You hit the boulder beetle but do no damage.
The boulder beetle bites you!
You die...

##.#######..........
#.#...................
.........###......... .
#.#.......###........
..##....##.##.#.####....
......... ##.## #....
##..#.######.########.
#....B#...............
##@#.####.####.....
#..>..........###.
#.###.#.#####.#######.
#.......####..........
...[.........########.
..............# #.
#..#########..# ..
#..#......{#..# ##
#..#..###. #..#


You could see a boulder beetle.

Vanquished Creatures
  2 ogres
  2 bullfrogs (D:6)
  A scorpion (D:5)
  A howler monkey (D:5)
  2 jellies
  4 hounds
  4 iguanas
  An orc wizard (D:5)
  3 gnolls (D:4)
  10 adders
  2 dart slugs
  2 orcs (D:5)
  7 endoplasms
  4 giant cockroaches
  10 goblins
  5 hobgoblins
  2 jackals (D:1)
  2 quokkas
  5 ball pythons
  2 bats
  9 kobolds
  6 rats
  A butterfly (D:4)
87 creatures vanquished.

Notes
Turn   | Place    | Note
-------+----------+-------------------------------------------
     0 | D:1      | GigaChad the Formicid Fighter began the quest for the Orb.
     0 | D:1      | Reached XP level 1. HP: 18/18 MP: 1/1
   178 | D:1      | Reached XP level 2. HP: 19/24 MP: 2/2
   451 | D:1      | Found a faded altar of an unknown god.
   465 | D:1      | Reached XP level 3. HP: 25/29 MP: 3/3
   740 | D:1      | Identified a scroll of acquirement
   740 | D:1      | Acquired the scarf "Ysaidoit" {+Inv, Slay+2 Stlth+}
  1011 | D:2      | Found a glowing silver altar of Zin.
  1040 | D:2      | Reached XP level 4. HP: 37/37 MP: 4/4
  1669 | D:3      | Reached skill level 5 in Shields
  1676 | D:3      | Identified the +1 dagger "Lups" {chaos, Fly Will+ Dex+3}
  1740 | D:3      | You fall into a shaft and drop 3 floors!
  1776 | D:5      | Entered Level 5 of the Dungeon
  1844 | D:5      | Reached skill level 3 in Axes
  1844 | D:5      | Reached XP level 5. HP: 39/42 MP: 5/5
  1868 | D:4      | Found an iron altar of Okawaru.
  1876 | D:4      | Became a worshipper of Warmaster Okawaru
  1910 | D:4      | Found a staircase to the Ecumenical Temple.
  1916 | D:4      | Reached XP level 6. HP: 44/48 MP: 6/6
  1944 | D:4      | Identified the +2 robe of Ivoc {rF- rN+ MP+9}
  2035 | D:4      | Noticed an ogre
  2042 | D:4      | Killed an ogre
  2043 | D:4      | Reached skill level 4 in Axes
  2220 | D:4      | Reached * piety under Okawaru
  2387 | D:4      | Reached skill level 1 in Dodging
  2406 | D:4      | Found a runed translucent gate.
  2406 | D:4      | Found a runed translucent gate.
  2406 | D:4      | Found a runed translucent gate.
  2411 | D:4      | Noticed GigaChad's ghost (amateur FoFi)
  2646 | D:5      | Reached XP level 7. HP: 55/55 MP: 7/7
  2653 | D:5      | Reached skill level 5 in Armour
  2704 | D:5      | Reached skill level 5 in Axes
  3422 | D:6      | Reached XP level 8. HP: 52/61 MP: 8/8
  3426 | D:6      | Reached skill level 5 in Fighting
  3430 | D:6      | Reached skill level 6 in Axes
  3501 | D:6      | Found a runed translucent gate.
  3501 | D:6      | Found a runed translucent gate.
  3502 | D:6      | Found a runed translucent gate.
  3506 | D:6      | Noticed a boulder beetle
  3513 | D:6      | Reached ** piety under Okawaru
  3516 | D:6      | Mangled by a boulder beetle

Illustrated notes

Levels and vault maps discovered:
D:1:      roderic_dead_forest, layout_loops_ring,
          shapermc_ecumenical_altar_notcrosses
D:2:      layout_loops_cross, basic_altar, serial_park_tiny_1,
          minmay_misc_feat_roman, chequers_mini_garden,
          grunt_decor_mini_mirrors, grunt_ministairs_8
D:3:      layout_rooms, mainiacjoe_overflow_brackets,
          mainiacjoe_overflow_six_doors_small, minmay_misc_feat_four_crosses
D:4:      layout_rooms, mainiacjoe_overflow_surrounded_room,
          minmay_temple_entry_butterflies, ebering_ghost_rock_garden
D:5:      layout_loops_ring
D:6:      layout_loops_ring, serial_glass, glass_columns_a, glass_columns_a,
          glass_columns_a, glass_columns_c, gammafunk_ghost_split,
          uniq_blork_the_orc

Skill      XL: |  1  2  3  4  5  6  7  8 |
---------------+-------------------------+-----
Shields        | 5 |  5.6
Fighting       | 4 5 |  5.2
Axes           | 3 4 5 6 |  6.1
Armour         | 4 5 |  5.4
Dodging        | 1 |  1.6
Stealth        | |  0.4

Action                     |  1- 3 |  4- 6 |  7- 9 || total
---------------------------+-------+-------+-------++-------
  Melee: War axe           |    78 |    92 |    62 ||   232
    Use: Scroll            |     2 |     4 |       ||     6
 Armour: Scale mail        |    29 |     4 |       ||    33
         Chain mail        |       |    29 |       ||    29
         Plate armour      |       |     3 |    46 ||    49
  Dodge: Dodged            |    34 |    38 |    28 ||   100
  Block: Buckler           |    26 |    29 |    15 ||    70

Table legend: (Time is in decaauts)
 A = Elapsed time spent in this place.
 B = Non-inter-level travel time spent in this place.
 C = Inter-level travel time spent in this place.
 D = Time resting spent in this place.
 E = Time spent auto-exploring this place.
 F = Levels seen in this place.
 G = Mean time per level.
                   A        B        C        D        E       F      G
               +--------+--------+--------+--------+--------+-----+--------+
         Total |   3595 |   3470 |    125 |     65 |   2646 |   6 |  599.2 |
       Dungeon |   3595 |   3470 |    125 |     65 |   2646 |   6 |  599.2 |
               +--------+--------+--------+--------+--------+-----+--------+

Top non-repeatable levels by time:
     D:1: 927 daAuts
     D:5: 863 daAuts
     D:4: 779 daAuts
     D:2: 778 daAuts
     D:6: 167 daAuts
     D:3: 79 daAuts
